 Dungeon Crawl Stone Soup version 0.30.0-10-gfe55d96785 (webtiles) character file.

Game seed: 10682220705854898442

23 qw the Chopper (level 2, -10/19 HPs)
             Began as a Gargoyle Cinder Acolyte on May 17, 2023.
             Was a High Priest of Ignis.
             Killed by an exploding butterfly (13 damage)
             ... ignited by their inner flame
             ... on level 1 of the Dungeon.
             The game lasted 00:00:26 (696 turns).

qw the Chopper (Gargoyle Cinder Acolyte)             Turns: 696, Time: 00:00:26

Health: -10/19     AC:  8    Str: 17    XL:     2   Next: 95%
Magic:  3/3        EV: 10    Int: 14    God:    Ignis [*****.]
Gold:   60         SH:  0    Dex:  5    Spells: 3/3 levels left

rFire   + . .        Y - -1 hand axe (flame)
rCold   . . .        (no shield)
rNeg    + . .        c - +0 ring mail
rPois   inf          (no helmet)
rElec   +            (no cloak)
rCorr   .            d - +0 pair of gloves
SInv    .            (no boots)
Will    .....        (no amulet) Stlth
                     (no ring)
HPRegen 0.23/turn    (no ring)
MPRegen 0.08/turn

%: no passive effects
@: no status effects
A: sickness immunity, AC +2, negative energy resistance 1, electricity
resistance, torment resistance 1, petrification resistance
a: Renounce Religion, Fiery Armour, Foxfire Swarm, Rising Flame


You were on level 1 of the Dungeon.
You worshipped Ignis.
Ignis was extremely pleased with you.
You visited 1 branch of the dungeon, and saw 1 of its levels.

You collected 60 gold pieces.


Innate Abilities, Weirdness & Mutations

You are immune to sickness and miasma.
Your stone body is resilient. (AC +2)
You are immune to poison.
You resist negative energy. (rN+)
You are resistant to electric shocks. (rElec)
You are resistant to unholy torment.
You are immune to petrification.


   Skills:
 - Level 3.2 Fighting
 - Level 3.7 Axes
 + Level 0.0 Armour
 - Level 1.0 Spellcasting
 - Level 3.0 Fire Magic


You had 3 spell levels left.
You didn't know any spells.
Your spell library contained the following spells:

 Spells                   Type           Power      Damage    Failure   Level
 Scorch                   Fire           18%        2d6       22%         2

Inventory:

Hand Weapons
 Y - a -1 hand axe of flaming (weapon)
Missiles
 l - 6 silver boomerangs (quivered)
Armour
 c - a +0 ring mail (worn)
 d - a +0 pair of gloves (worn)
Scrolls
 j - a scroll of immolation
 k - a scroll of teleportation {unknown}
Potions
 h - a potion of curing {unknown}
 i - 2 potions of degeneration {unknown}
 m - a potion of might {unknown}

Dungeon Overview and Level Annotations

Branches:
Dungeon (1/15)

Altars:


Message History

The fiery explosion engulfs your butterfly!!
You kill your butterfly!
Your butterfly disappears in a burst of colours!
The fiery explosion engulfs your butterfly!
Your butterfly disappears in a burst of colours!
The fiery explosion engulfs your butterfly!!
Your butterfly disappears in a burst of colours!
Your butterfly explodes!
The fiery explosion engulfs your butterfly!!
You kill your butterfly!
Your butterfly disappears in a burst of colours!
The fiery explosion engulfs your butterfly!!
Your butterfly disappears in a burst of colours!
Your butterfly explodes! x2
The fiery explosion engulfs your butterfly!!
Your butterfly disappears in a burst of colours!
Your butterfly explodes!
The fiery explosion engulfs your butterfly!!
Your butterfly disappears in a burst of colours!
The fiery explosion engulfs your butterfly!!
Your butterfly disappears in a burst of colours!
The fiery explosion engulfs your butterfly!
Your butterfly disappears in a burst of colours!
Your butterfly explodes!
The fiery explosion engulfs your butterfly!!!
Your butterfly disappears in a burst of colours!
The fiery explosion engulfs your butterfly!
Your butterfly disappears in a burst of colours!
The fiery explosion engulfs your butterfly!!
Your butterfly disappears in a burst of colours!
Your butterfly explodes! x3
The fiery explosion engulfs your butterfly!!
Your butterfly disappears in a burst of colours!
Your butterfly explodes! x7
The fiery explosion engulfs your butterfly!!
Your butterfly disappears in a burst of colours!
Your butterfly explodes! x2
The fiery explosion engulfs you! You resist.
Ouch! That really hurt!
You die...

#.# #..###########.##..# # #.#
####............#.##..###
#.#######...........###.#.##...##
#..................b###¤...#...##
#########..#######.¤¤¤¤¤.........
#..##..¤##¤¤¤¤#.%..##.###
#..#.###¤#¤¤¤##.#.###.#
#..#.#b#¤¤¤¤###.#.###.###
#..#.##¤@¤¤¤###.#........
#..##bbb##¤¤¤¤¤¤......###
#..#######¤¤#¤¤¤.....##
#.<.......¤.¤¤######.####
#............## #.....
######.......# ###### #########


There were no monsters in sight!

Vanquished Creatures
  2 dart slugs (D:1)
  2 bats (D:1)
  3 endoplasms (D:1)
  A giant cockroach (D:1)
  3 goblins (D:1)
  A kobold (D:1)
  2 frilled lizards (D:1)
  4 rats (D:1)
18 creatures vanquished.

Notes
Turn   | Place    | Note
-------+----------+-------------------------------------------
     0 | D:1      | qw the Gargoyle Cinder Acolyte began the quest for the Orb.
     0 | D:1      | Reached XP level 1. HP: 14/14 MP: 2/2
     0 | D:1      | 0 ||| qw: Version: 0.2-a-95-g4c1bab1
     0 | D:1      | 0 ||| qw: Game counter: 89
     0 | D:1      | 0 ||| qw: Always use a shield: true
     0 | D:1      | 0 ||| qw: God list: Okawaru
     0 | D:1      | 0 ||| qw: Allow faded altars: false
     0 | D:1      | 0 ||| qw: Do Orc after D:15 true
     0 | D:1      | 0 ||| qw: Do second Lair branch before Depths: true
     0 | D:1      | 0 ||| qw: Lair rune preference: random
     0 | D:1      | 0 ||| qw: Plans: Normal
     0 | D:1      | 0 ||| PLANNING D:1-11
    74 | D:1      | Reached skill level 3 in Axes
   118 | D:1      | Reached XP level 2. HP: 19/19 MP: 3/3
   174 | D:1      | 174 ||| Stepping ~*~*~tactically~*~*~ (stealth).
   677 | D:1      | 677 ||| UPGRADING to +0 ring mail.
   687 | D:1      | 687 ||| DROPPING +0 robe.
   688 | D:1      | 688 ||| UPGRADING to +0 pair of gloves.
   693 | D:1      | 693 ||| READING scroll labelled FOWNY RAMU.
   694 | D:1      | 694 ||| READING scroll labelled ABA FYWKOASMAO.
   695 | D:1      | 695 ||| READING scroll labelled UPOEXI TETI.
   696 | D:1      | 696 ||| READING 2 scrolls labelled ALYEKE KULIUCS.
   696 | D:1      | HP: 3/19 [spore (8)]
   696 | D:1      | Killed by an exploding butterfly... ignited by their inner
                  | flame

Levels and vault maps discovered:
D:1:      minmay_arrival_stone_box, layout_loops_ring

Skill      XL: |  1 |
---------------+----+-----
Axes           | 3 |  3.7
Fighting       | |  3.2
Spellcasting   | |  1.0
Fire Magic     | |  3.0

Action                     || total
---------------------------++-------
  Melee: Hand axe          ||    53
         Punch             ||     1
  Throw: Boomerang         ||     1
    Use: Scroll            ||     4
 Armour: Robe              ||    12
  Dodge: Dodged            ||    26

Table legend:
 A = Non-vault XP
 B = Vault XP
 C = Vault XP percentage of total XP
 D = Non-vault monster count
 E = Vault monster count
 F = Vault count percentage of total count
                 A         B        C        D         E       F
            +---------+---------+-------+---------+---------+-------
      Total |      33 |       0 |   0.0 |      18 |       0 |   0.0
            +---------+---------+-------+---------+---------+-------
        D:1 |      33 |       0 |   0.0 |      18 |       0 |   0.0
            +---------+---------+-------+---------+---------+-------
